AoeStats
← 穿山甲

Arena

506113442Analyzed
4v4 RM · 21d ago on Sep 12, 2026· 37m 4s· 8 players
Game mode
Random Map
Map size
Large (8 player)
Population
200
Speed
Normal
Resources
Standard
Victory
Conquest
Starting age
Dark Age
Ending age
Imperial Age
RankedLock teamsTeams togetherTeam positionsShared explorationLock speedFull tech treeHidden civsTurbo modeCheats
Victory
Defeat
🇨🇳 Burgundians · China
1530
+14
🇨🇳 Koreans · China
1523
+14
🇨🇳 Byzantines · China
1413
+18
🇨🇳 Huns · China
1372
+19
🇦🇷 Aztecs · Argentina
1518
-18
🇻🇳 Vietnamese · Vietnam
1501
-18
🇮🇳 Saracens · India
1438
-15
🇪🇸 Celts · Spain
1421
-14
Wolfsbane
10:14 Feudal Age
14:34 Castle Age
13:08 Double-Bit Axe
13:10 Horse Collar
15:35 Bow Saw
15:26 Heavy Plow
19:45 Scale Barding Armor
19:57 Loom
23:31 Forging
26:37 Wheelbarrow
29:41 Imperial Age
27:10 Gold Mining
27:19 Stone Mining
28:22 Hand Cart
29:14 Iron Casting
30:33 Chain Barding Armor
32:02 Blast Furnace
32:43 Chemistry
32:46 Bloodlines
32:37 Husbandry
33:13 Heavy Camel Rider
Eagles_SlGiap
10:49 Feudal Age
14:34 Castle Age
12:21 Double-Bit Axe
13:32 Horse Collar
17:51 Wheelbarrow
17:02 Loom
23:39 Gold Mining
23:52 Heavy Plow
25:40 Stone Mining
26:13 Hand Cart
29:49 Imperial Age
28:10 Stone Shaft Mining
27:49 Fletching
27:52 Treadmill Crane
28:46 Bodkin Arrow
28:51 Padded Archer Armor
29:13 Ballistics
30:05 Squires
29:50 Arson
30:23 Leather Archer Armor
31:00 Bracer
31:11 Forging
30:34 Pikeman
31:27 Halberdier
34:15 Chemistry
34:34 Ring Archer Armor
35:00 Elite Rattan Archer
37:42 Iron Casting
37:07 Scale Mail Armor
KIRA
10:43 Feudal Age
14:33 Castle Age
12:28 Horse Collar
12:53 Double-Bit Axe
17:03 Bow Saw
19:35 Gold Mining
23:22 Wheelbarrow
22:32 Town Watch
22:35 Loom
23:11 Heavy Plow
24:43 Hand Cart
28:11 Imperial Age
28:53 Forging
28:43 Scale Mail Armor
28:06 Pikeman
28:32 Arson
29:33 Conscription
29:03 Halberdier
29:19 Capped Ram
30:30 Chain Mail Armor
31:51 Chemistry
33:55 Iron Casting
33:51 Plate Mail Armor
34:48 Fortified Wall
Teutonio
5:17 Loom
7:12 Loom
7:18 Loom
10:06 Feudal Age
14:18 Castle Age
12:43 Double-Bit Axe
13:33 Horse Collar
16:01 Bow Saw
19:19 Sanctity
20:27 Fervor
23:46 Wheelbarrow
30:16 Imperial Age
28:02 Hand Cart
28:07 Fletching
27:39 Crossbowman
30:02 Ballistics
30:46 Bodkin Arrow
32:05 Chemistry
31:38 Bracer
33:20 Illumination
33:43 Block Printing
33:38 Redemption
33:24 Arbalester
34:06 Padded Archer Armor
Coriandrum sativum
10:19 Feudal Age
14:15 Castle Age
12:37 Horse Collar
13:41 Double-Bit Axe
15:28 Bow Saw
22:31 Wheelbarrow
23:13 Gold Mining
24:05 Heavy Plow
27:30 Imperial Age
25:31 Hand Cart
25:01 Loom
25:13 Treadmill Crane
25:30 Town Watch
26:38 Gold Shaft Mining
26:31 Masonry
26:18 Gambesons
27:14 Squires
27:34 Heavy Rocket Cart
28:06 Fletching
29:19 Chemistry
29:30 Siege Engineers
29:38 Bodkin Arrow
30:32 Bracer
30:47 Fortified Wall
31:03 Ballistics
31:06 Conscription
30:58 Thumb Ring
31:12 Elite Skirmisher
33:15 Shinkichon
33:59 Architecture
33:40 Fortified Wall
34:26 Heavy Plow
35:27 Two-Man Saw
35:26 Arrowslits
35:43 Eupseong
YiTiaoQu
3:06 Double-Bit Axe
5:54 Horse Collar
11:10 Feudal Age
14:56 Castle Age
13:46 Bow Saw
15:18 Light Cavalry
17:04 Wheelbarrow
21:44 Wheelbarrow
23:14 Hand Cart
23:04 Gold Mining
24:59 Cavalier
25:05 Cavalier
28:31 Imperial Age
26:52 Scale Barding Armor
26:58 Forging
28:17 Husbandry
28:48 Chain Barding Armor
29:04 Iron Casting
28:34 Paladin
30:24 Two-Man Saw
29:36 Loom
29:36 Town Watch
30:35 Plate Barding Armor
30:24 Conscription
33:47 Blast Furnace
34:30 Chemistry
36:17 Gold Shaft Mining
36:48 Fletching
37:24 Ballistics
穿山甲
10:31 Feudal Age
11:42 Double-Bit Axe
14:36 Castle Age
12:52 Horse Collar
14:28 Loom
16:40 Bow Saw
16:30 Heavy Plow
19:33 Town Watch
22:59 Stone Mining
23:02 Gold Mining
26:33 Wheelbarrow
29:42 Imperial Age
27:35 Fletching
27:45 Padded Archer Armor
28:33 Gold Shaft Mining
28:33 Hand Cart
28:40 Ballistics
28:44 Thumb Ring
28:43 Bodkin Arrow
30:11 Bloodlines
30:02 Husbandry
30:43 Bracer
32:03 Chemistry
31:52 Leather Archer Armor
31:23 Heavy Cavalry Archer
32:46 Guilds
33:06 Conscription
33:38 Parthian Tactics
32:39 Capped Ram
33:21 Light Cavalry
35:31 Scale Barding Armor
35:36 Forging
36:11 Forging
35:57 Hussar
37:44 Chain Barding Armor
38:00 Iron Casting
instant cereal
11:10 Feudal Age
12:08 Double-Bit Axe
14:57 Castle Age
12:52 Horse Collar
15:21 Wheelbarrow
16:08 Bow Saw
15:58 Heavy Plow
24:17 Hand Cart
25:35 Loom
26:57 Scale Barding Armor
29:28 Imperial Age
28:09 Chain Barding Armor
28:39 Husbandry
28:51 Forging
30:41 Iron Casting
30:48 Plate Barding Armor
31:15 Chemistry
30:37 Conscription
29:41 Cavalier
30:27 Gold Mining
31:41 Two-Man Saw
31:17 Paladin
33:08 Ballistics
33:54 Gold Shaft Mining
33:13 Stone Mining
34:35 Iron Casting
33:43 Treadmill Crane
34:36 Elite Cataphract
35:52 Guilds
35:31 Light Cavalry
37:41 Logistica
Connection lost

Rejoining the realm…

Still unreachable

The connection could not be restored.

Session expired

The server has moved on; the page needs a fresh start.